AoeStats
← hadogear

Arabia

508937012Analyzed
1v1 RM · 6d ago on Sep 24, 2026· 71m 23s· 2 players
Game mode
Random Map
Map size
Tiny (2 player)
Population
200
Speed
Normal
Resources
Standard
Victory
Conquest
Starting age
Dark Age
Ending age
Imperial Age
RankedLock teamsTeams togetherTeam positionsShared explorationLock speedFull tech treeHidden civsTurbo modeCheats
Victory
Defeat
🇪🇸 Sicilians · Spain
153
+20
🇪🇸 Burgundians · Spain
237
-20
hadogear
3:22 Loom
10:51 Feudal Age
11:18 Double-Bit Axe
12:01 Horse Collar
20:49 Fletching
25:34 Bloodlines
27:26 Castle Age
25:59 Stone Mining
26:04 Gold Mining
26:30 Forging
26:25 Scale Mail Armor
26:36 Scale Barding Armor
30:12 Gold Shaft Mining
30:13 Stone Shaft Mining
30:47 Heavy Plow
31:03 Bow Saw
31:31 Wheelbarrow
32:57 Iron Casting
32:38 Chain Mail Armor
32:19 Bodkin Arrow
32:45 Chain Barding Armor
33:46 Hand Cart
33:29 Pikeman
35:08 Husbandry
35:47 Arson
36:04 Squires
39:00 Padded Archer Armor
42:57 Imperial Age
40:16 Town Watch
43:41 Elite Serjeant
43:42 Halberdier
45:36 Blast Furnace
45:44 Blast Furnace
45:14 Cavalier
49:33 Plate Mail Armor
49:08 Bracer
49:46 Plate Barding Armor
49:19 Hauberk
49:38 Conscription
49:36 Heavy Scorpion
51:38 Town Patrol
52:08 First Crusade
54:51 Chemistry
53:49 Murder Holes
56:18 Leather Archer Armor
56:33 Leather Archer Armor
JASON84
0:28 Loom
9:03 Wheelbarrow
11:49 Feudal Age
10:14 Double-Bit Axe
11:25 Horse Collar
14:32 Heavy Plow
18:29 Bow Saw
19:49 Stone Mining
19:59 Gold Mining
21:23 Stone Shaft Mining
21:46 Hand Cart
23:35 Gold Shaft Mining
24:49 Man-at-Arms
25:14 Arson
28:33 Castle Age
29:56 Padded Archer Armor
29:47 Fletching
29:59 Scale Mail Armor
29:42 Pikeman
31:24 Leather Archer Armor
31:14 Scale Barding Armor
33:32 Crop Rotation
32:47 Cavalier
33:28 Husbandry
32:50 Light Cavalry
33:54 Fervor
34:02 Squires
34:37 Crossbowman
35:28 Elite Skirmisher
35:45 Long Swordsman
37:33 Town Watch
37:51 Guard Tower
38:28 Murder Holes
39:41 Atonement
39:51 Redemption
39:42 Devotion
40:02 Sanctity
39:38 Herbal Medicine
39:56 Fortified Wall
40:40 Masonry
46:39 Imperial Age
44:42 Chain Mail Armor
44:31 Caravan
45:11 Treadmill Crane
45:54 Ballistics
45:39 Town Patrol
47:48 Two-Man Saw
49:17 Chemistry
48:03 Capped Ram
48:43 Two-Handed Swordsman
50:12 Arrowslits
52:55 Keep
52:41 Hussar
54:25 Sappers
57:52 Paladin
58:52 Halberdier
63:35 Scale Barding Armor
63:41 Forging
64:02 Illumination
67:20 Block Printing
70:01 Hoardings
Connection lost

Rejoining the realm…

Still unreachable

The connection could not be restored.

Session expired

The server has moved on; the page needs a fresh start.